 Dungeon Crawl Stone Soup version 0.30.0-29-ga12c61a403 (webtiles) character file.

Game seed: 167214788520985555

56 seaoflcl the Covered (level 4, -3/35 HPs)
             Began as a Human Fighter on June 4, 2023.
             Was an Initiate of Ru.
             Killed by divine providence
             ... invoked by an orc priest
              (12 damage)
             ... on level 3 of the Dungeon.
             The game lasted 00:02:36 (2001 turns).

seaoflcl the Covered (Human Fighter)                Turns: 2001, Time: 00:02:37

Health: -3/35      AC:  8    Str: 18    XL:     4   Next: 17%
Magic:  4/4        EV:  9    Int:  8    God:    Ru [......]
Gold:   142        SH:  5    Dex: 13    Spells: 3/3 levels left

rFire   . . .        a - +0 long sword
rCold   . . .        c - +0 buckler
rNeg    . . .        b - +0 scale mail
rPois   .            (no helmet)
rElec   .            (no cloak)
rCorr   .            (no gloves)
SInv    .            o - +0 pair of boots
Will    .....        (no amulet) Stlth
                     (no ring)
HPRegen 0.25/turn    (no ring)
MPRegen 0.09/turn

%: no passive effects
@: no status effects
A: no striking features
a: Renounce Religion


You were on level 3 of the Dungeon.
You worshipped Ru.
Ru was noncommittal.
You visited 1 branch of the dungeon, and saw 3 of its levels.

You collected 142 gold pieces.

Inventory:

Hand Weapons
 a - a +0 long sword (weapon)
Armour
 b - a +0 scale mail (worn)
 c - a +0 buckler (worn)
 o - a +0 pair of boots (worn)
Scrolls
 e - a scroll of silence {unknown}
 k - a scroll of fog {unknown}
 m - a scroll of noise {unknown}
 p - a scroll of enchant armour {unknown}
 q - a scroll of magic mapping {unknown}
 s - a scroll of identify {unknown}
Potions
 d - a potion of might
 f - 2 potions of brilliance {unknown}
 g - 2 potions of curing {unknown}
 h - a potion of haste {unknown}
 i - 2 potions of degeneration {unknown}
 j - a potion of heal wounds {unknown}
 l - a potion of attraction {unknown}
 n - a potion of mutation {unknown}
 r - a potion of lignification {unknown}


   Skills:
 + Level 3.4 Fighting
 * Level 2.9 Long Blades
 + Level 3.4 Armour
 + Level 3.4 Shields


You had 3 spell levels left.
You didn't know any spells.
Your spell library was empty.

Dungeon Overview and Level Annotations

Branches:
Dungeon (3/15)

Altars:
Ru


Message History

The orc shouts! x2
An orc comes into view. It is wielding a +0 club.
You aren't carrying any items that you can evoke.
Hit: a) +0 long sword
Press: ? - help, Dir - move target, f - you
Okay, then.
You have nothing you can fire or use right now.
Unknown command.
An orc priest comes into view. It is wielding a +0 whip.
The orc priest shouts!
The orc priest moves out of view.
Found a stone staircase leading down.
The orc priest hits you but does no damage.
You barely miss the orc priest. You block the orc priest's attack.
You hit the orc priest but do no damage.
The orc priest hits you with a +0 flail of protection.
You hit the orc priest but do no damage.
The orc priest hits you but does no damage.
The orc priest attacks as you move away!
The orc priest hits you with a +0 flail of protection.
The orc priest calls down the wrath of Beogh upon you.
Beogh smites you!
The orc priest hits you with a +0 flail of protection.
You hit the orc priest but do no damage.
The orc priest barely misses you.
The orc priest hits you but does no damage.
You hit the orc priest but do no damage.
You block the orc priest's attack.
You hit the orc priest but do no damage.
The orc priest hits you with a +0 flail of protection!
* * * LOW HITPOINT WARNING * * *
You slash the orc priest!
The orc priest is heavily wounded.
The orc priest hits you with a +0 flail of protection.
* * * LOW HITPOINT WARNING * * *
Unknown command.
The orc attacks as you move away! The orc hits you but does no damage.
The orc priest calls down the wrath of Beogh upon you.
Beogh smites you!
You die...

o#># o.# #o#
#o# #o# #.# #o#
#.# ######@# ♣♣
### #......#
.♣.P#.##
#.######
♣.PP...####.##
♣♣.P.)...#...##
♣♣P#..#..#.#.##
♣♣####.##.##.#
#......##.#
###.#####.#


You could see 2 orc priests and 3 orcs.

Vanquished Creatures
  2 adders
  3 dart slugs
  2 endoplasms (D:1)
  4 giant cockroaches
  3 hobgoblins (D:2)
  3 jackals (D:1)
  A quokka (D:2)
  3 ball pythons
  A bat (D:3)
  A frilled lizard (D:2)
  2 goblins (D:2)
  3 kobolds
  5 rats
33 creatures vanquished.

Notes
Turn   | Place    | Note
-------+----------+-------------------------------------------
     0 | D:1      | seaoflcl the Human Fighter began the quest for the Orb.
     0 | D:1      | Reached XP level 1. HP: 18/18 MP: 1/1
   358 | D:1      | Reached XP level 2. HP: 22/24 MP: 2/2
   896 | D:2      | Reached XP level 3. HP: 29/29 MP: 3/3
  1773 | D:3      | Found a sacrificial altar of Ru.
  1847 | D:3      | Became a worshipper of Ru the Awakened
  1902 | D:3      | Reached XP level 4. HP: 33/35 MP: 4/4
  2001 | D:3      | Killed from afar by an orc priest

Illustrated notes

Levels and vault maps discovered:
D:1:      lemuel_arrival_lava_pool, layout_basic, chequers_serial_rivers_micro_d
D:2:      layout_loops_corners
D:3:      layout_loops_corners, hangedman_ru_absence, uniq_crazy_yiuf_cottage

Action                     |  1- 3 |  4- 6 || total
---------------------------+-------+-------++-------
  Melee: Long sword        |    99 |     7 ||   106
 Armour: Scale mail        |    45 |     4 ||    49
  Dodge: Dodged            |    42 |     1 ||    43
  Block: Buckler           |    17 |     2 ||    19
